AoeStats
← Killerqueen

Scandinavia

510401911Analyzed
1v1 RM · 11h ago on Sep 30, 2026· 19m 57s· 2 players
Game mode
Random Map
Map size
Tiny (2 player)
Population
200
Speed
Normal
Resources
Standard
Victory
Conquest
Starting age
Dark Age
Ending age
Imperial Age
RankedLock teamsTeams togetherTeam positionsShared explorationLock speedFull tech treeHidden civsTurbo modeCheats
Victory
Defeat
🇦🇷 Japanese · Argentina
1512
+15
🇦🇹 Wu · Austria
1498
-15
Killerqueen
4:56 Loom
10:32 Feudal Age
12:37 Double-Bit Axe
21:01 Castle Age
19:12 Fletching
Charly
7:29 Loom
10:46 Feudal Age
10:47 Man-at-Arms
11:51 Double-Bit Axe
14:51 Fletching
15:40 Padded Archer Armor
Connection lost

Rejoining the realm…

Still unreachable

The connection could not be restored.

Session expired

The server has moved on; the page needs a fresh start.